 Dungeon Crawl Stone Soup version 0.26-a0-651-gb41185065b (webtiles) character file.

Game seed: 1416322936724489140

18 vurker the Sneak (level 2, -1/20 HPs)
             Began as a Gnoll Enchanter on Oct 14, 2020.
             Slain by a hobgoblin
             ... wielding a +0 club
              (5 damage)
             ... on level 1 of the Dungeon.
             The game lasted 00:00:49 (812 turns).

vurker the Sneak (Gnoll Enchanter)                   Turns: 812, Time: 00:00:49

Health: -1/20      AC:  2    Str: 10    XL:     2   Next: 66%
Magic:  7/7        EV: 14    Int: 17    God:
Gold:   58         SH:  0    Dex: 15    Spells: 9/10 levels left

rFire    . . .     SeeInvis .   d - +0 spear
rCold    . . .     Faith    .   (no shield)
rNeg     . . .     Spirit   .   b - +0 robe
rPois    .         Reflect  .   (no helmet)
rElec    .         Harm     .   (no cloak)
rCorr    .         Rampage  .   (no gloves)
MR       .....                  (no boots)
Stlth    +++.......             (no amulet)
HPRegen  0.06/turn              (no ring)
MPRegen  0.10/turn              (no ring)

@: no status effects
A: distributed training, fangs 1, strong nose
a: no special abilities


You were on level 1 of the Dungeon.
You visited 1 branch of the dungeon, and saw 1 of its levels.

You collected 58 gold pieces.

Inventory:

Hand Weapons
 d - a +0 spear (weapon)
   (You found it on level 1 of the Dungeon)
Armour
 b - a +0 robe (worn)
Potions
 a - a potion of might {unknown}
 c - a potion of lignification {unknown}


   Skills:
 + Level 0.5 Fighting
 + Level 2.5 Short Blades
 + Level 0.5 Long Blades
 + Level 0.5 Axes
 + Level 0.5 Maces & Flails
 + Level 0.5 Polearms
 + Level 0.5 Staves
 + Level 0.5 Slings
 + Level 0.5 Bows
 + Level 0.5 Crossbows
 + Level 0.5 Throwing
 + Level 0.5 Armour
 + Level 4.5 Dodging
 + Level 5.9 Stealth
 + Level 0.5 Shields
 + Level 0.5 Unarmed Combat
 + Level 4.9 Spellcasting
 + Level 0.3 Conjurations
 + Level 5.3 Hexes
 + Level 0.3 Summonings
 + Level 0.3 Necromancy
 + Level 0.3 Translocations
 + Level 0.3 Transmutations
 + Level 0.3 Fire Magic
 + Level 0.3 Ice Magic
 + Level 0.3 Air Magic
 + Level 0.3 Earth Magic
 + Level 0.3 Poison Magic
 + Level 0.6 Invocations
 + Level 0.5 Evocations


You had 9 spell levels left.
You knew the following spells:

 Your Spells              Type           Power        Failure   Level
a - Corona                Hex            ###....      1%          1

Your spell library contained the following spells:

 Spells                   Type           Power        Failure   Level
 Confusing Touch          Hex            ###.....     4%          3
 Tukima's Dance           Hex            ###.....     4%          3
 Ensorcelled Hibernation  Hex/Ice        ##....       7%          2
 Dazzling Flash           Conj/Hex       ##....       13%         3


Dungeon Overview and Level Annotations

Branches:
Dungeon (1/15)

Altars:


Innate Abilities, Weirdness & Mutations

Your experience applies equally to all skills.
You have very sharp teeth.
Your uncanny sense of smell can sniff out nearby items.


Message History

The ball python bites you but does no damage.
The ball python constricts you.
You hit the ball python.
You kill the ball python!
You hit the kobold.
You kill the kobold!
The hobgoblin closely misses you.
You miss the goblin. The goblin closely misses you.
The hobgoblin barely misses you.
You closely miss the goblin. The goblin misses you.
The hobgoblin hits you with a +0 club. The goblin closely misses you.
You barely miss the goblin.
The hobgoblin hits you but does no damage.
The goblin barely misses you.
You hit the goblin.
You kill the goblin!
The hobgoblin hits you but does no damage.
You hit the ooze. The ooze barely misses you.
The hobgoblin hits you but does no damage.
The ooze hits you.
You hit the ooze. The hobgoblin closely misses you. The ooze hits you.
* * * LOW HITPOINT WARNING * * *
You see here a stone.
You are too injured to fight recklessly!
Aim: an ooze (moderately wounded)
You reach to attack!
You hit the ooze. The hobgoblin barely misses you.
Attack whom?
Aim: an ooze (moderately wounded)
The hobgoblin is in the way.
You closely miss the hobgoblin. The hobgoblin misses you.
Attack whom?
Aim: an ooze (moderately wounded)
You reach to attack!
You hit the ooze. The hobgoblin hits you with a +0 club.
* * * LOW HITPOINT WARNING * * *
Attack whom?
Aim: an ooze (heavily wounded)
You reach to attack!
You hit the ooze. The hobgoblin hits you with a +0 club.
* * * LOW HITPOINT WARNING * * *
Attack whom?
Aim: an ooze (severely wounded)
You reach to attack!
You hit the ooze.
You kill the ooze!
The hobgoblin closely misses you.
Attack whom?
Aim: a hobgoblin, wielding a +0 club You hit the hobgoblin.
The hobgoblin misses you.
Attack whom?
Aim: a hobgoblin, wielding a +0 club (moderately wounded)
You barely miss the hobgoblin. The hobgoblin hits you with a +0 club.
You die...

#.# ######..)...#
#.# #####......#
.#####..........#
..............#
...........####
............#
............##
.............#
.....?......@#
############g#####
#.(...#####
#..(.......
##.)†#.##.#
#.#..#(. #...#.# ?
##..#?# ... .∆


You could see a hobgoblin.

Vanquished Creatures
  An ooze (D:1)
  A leopard gecko (D:1)
  A ball python (D:1)
  2 hobgoblins (D:1)
  2 jackals (D:1)
  2 kobolds (D:1)
  A frilled lizard (D:1)
  A goblin (D:1)
  A rat (D:1)
12 creatures vanquished.

Notes
Turn   | Place    | Note
-------+----------+-------------------------------------------
     0 | D:1      | vurker the Gnoll Enchanter began the quest for the Orb.
     0 | D:1      | Reached XP level 1. HP: 13/13 MP: 6/6
   329 | D:1      | Reached XP level 2. HP: 7/19 MP: 7/7
   812 | D:1      | Slain by a hobgoblin

Illustrated notes

Levels and vault maps discovered:
D:1:      enne_arrival_octagon_isle, layout_basic, minmay_small_reverse_x

Action                   || total
-------------------------++-------
Melee: Dagger            ||    21
       Spear             ||    47
       Bite              ||     1
 Stab: Sleeping          ||     3
Armor: Robe              ||     6
Dodge: Dodged            ||    48

Table legend: (Time is in decaauts)
 A = Elapsed time spent in this place.
 B = Non-inter-level travel time spent in this place.
 C = Inter-level travel time spent in this place.
 D = Time resting spent in this place.
 E = Time spent auto-exploring this place.
 F = Levels seen in this place.
 G = Mean time per level.
                   A        B        C        D        E       F      G
               +--------+--------+--------+--------+--------+-----+--------+
         Total |    812 |    812 |      0 |      0 |    678 |   1 |  812.0 |
       Dungeon |    812 |    812 |      0 |      0 |    678 |   1 |  812.0 |
               +--------+--------+--------+--------+--------+-----+--------+

Top non-repeatable levels by time:
     D:1: 812 daAuts
